 Dungeon Crawl Stone Soup version 0.28-a0-773-g130ae17fe5 (webtiles) character file.

Game seed: 2075240602927866312

24 ders the Skirmisher (level 3, -7/24 HPs)
             Began as a Gargoyle Fighter on Nov 2, 2021.
             Mangled by Sigmund (11 damage)
             ... on level 2 of the Dungeon.
             The game lasted 00:00:59 (709 turns).

ders the Skirmisher (Gargoyle Fighter)               Turns: 709, Time: 00:01:00

Health: -7/24      AC: 10    Str: 20    XL:     3   Next: 2%
Magic:  3/3        EV:  9    Int:  8    God:
Gold:   29         SH:  4    Dex:  9    Spells: 2/2 levels left

rFire   . . .      SeeInvis .   a - +0 flail
rCold   . . .      Faith    .   c - +0 buckler
rNeg    + . .      Spirit   .   b - +0 scale mail
rPois   ∞          Reflect  .   (no helmet)
rElec   +          Harm     .   (no cloak)
rCorr   .          Rampage  .   (no gloves)
Will    .....                   (no boots)
Stlth   ..........              (no amulet)
HPRegen 0.08/turn               (no ring)
MPRegen 0.08/turn               (no ring)

@: mighty
A: sickness immunity, AC +3, negative energy resistance 1, electricity
resistance, torment resistance 1, petrification resistance
a: no special abilities


You were on level 2 of the Dungeon.
You visited 1 branch of the dungeon, and saw 2 of its levels.

You collected 29 gold pieces.

Inventory:

Hand Weapons
 a - a +0 flail (weapon)
Armour
 b - a +0 scale mail (worn)
 c - a +0 buckler (worn)
Scrolls
 f - a scroll of immolation {unknown}


   Skills:
 * Level 3.9 Fighting
 * Level 2.7 Maces & Flails
 - Level 3.2 Armour
 - Level 3.2 Shields


You had 2 spell levels left.
You didn't know any spells.
Your spell library contained the following spells:

 Spells                   Type           Power      Damage    Failure   Level
 Malign Gateway           Summ/Tloc      0%         N/A       100%        7
 Summon Horrible Things   Summ           0%         N/A       100%        8


Dungeon Overview and Level Annotations

Branches:
Dungeon (2/15)

Altars:
Qazlal

Annotations:
D:2 Sigmund


Innate Abilities, Weirdness & Mutations

You are immune to sickness and miasma.
Your stone body is resilient. (AC +3)
You are immune to poison.
You resist negative energy. (rN+)
You are resistant to electric shocks. (rElec)
You are resistant to unholy torment.
You are immune to petrification.


Message History

You are too injured to fight recklessly!
You are too injured to fight recklessly!
You are too injured to fight recklessly!
You are too injured to fight recklessly!
You are too injured to fight recklessly!
You are too injured to fight recklessly!
You are too injured to fight recklessly!
You are too injured to fight recklessly!
It was a potion of curing.
You feel better. The kobold hits you but does no damage.
The endoplasm freezes you.
You are frozen.
You feel very mighty all of a sudden.
The endoplasm hits you but does no damage.
The kobold closely misses you.
A rat comes into view.
You block Sigmund's attack.
You closely miss the kobold.
The kobold is heavily wounded.
You block the kobold's attack. Sigmund barely misses you.
You thump the kobold!
You kill the kobold!
You sock the endoplasm!
You kill the endoplasm!
Sigmund barely misses you.
You have reached level 3!
Your experience leads to an increase in your attributes!
Increase (S)trength, (I)ntelligence, or (D)exterity?
You feel stronger. Sigmund casts a spell at you. The puff of flame hits you.
You see here a +0 club.
Your scale mail prevents you from hitting Sigmund.
Sigmund hits you with a +3 vorpal scythe.
You closely miss Sigmund.
Sigmund hits you with a +3 vorpal scythe.
* * * LOW HITPOINT WARNING * * *
x2 You barely miss Sigmund.
Sigmund hits you with a +3 vorpal scythe!
You die...

... #....#
....#....# .
#....#.## ..
##.#..#)#######.###
...................
######..##..)...###.
#.....####.....
##..#..# #..#..
#..##@##.....#
#...##.@.....##
#....##.........
#...#......_..... .
#####........
#........ #........
......... .........


You could see Sigmund.

Vanquished Creatures
  A dart slug (D:1)
  A ball python (D:2)
  A bat (D:1)
  3 endoplasms
  2 giant cockroaches (D:1)
  2 goblins
  4 hobgoblins (D:1)
  A kobold (D:2)
  2 frilled lizards (D:1)
  A rat (D:1)
18 creatures vanquished.

Notes
Turn   | Place    | Note
-------+----------+-------------------------------------------
     0 | D:1      | ders the Gargoyle Fighter began the quest for the Orb.
     0 | D:1      | Reached XP level 1. HP: 14/14 MP: 1/1
   230 | D:1      | Reached XP level 2. HP: 19/19 MP: 2/2
   688 | D:2      | Found a stormy altar of Qazlal.
   695 | D:2      | Noticed Sigmund
   706 | D:2      | Reached XP level 3. HP: 16/24 MP: 3/3
   709 | D:2      | Mangled by Sigmund

Illustrated notes

Levels and vault maps discovered:
D:1:      minmay_arrival_hallway, layout_basic, hangedman_decor_points
D:2:      layout_rooms, basic_altar, hellmonk_ecumenical_altar_crossroads,
          grunt_ministairs_15, wander_ebering_terrifying_dragon_lair,
          uniq_sigmund, uniq_robin, uniq_crazy_yiuf_cottage

Action                   || total
-------------------------++-------
Melee: Flail             ||    56
  Use: Potion            ||     2
Armor: Scale mail        ||    30
Dodge: Dodged            ||    21
Block: Buckler           ||     8

Table legend: (Time is in decaauts)
 A = Elapsed time spent in this place.
 B = Non-inter-level travel time spent in this place.
 C = Inter-level travel time spent in this place.
 D = Time resting spent in this place.
 E = Time spent auto-exploring this place.
 F = Levels seen in this place.
 G = Mean time per level.
                   A        B        C        D        E       F      G
               +--------+--------+--------+--------+--------+-----+--------+
         Total |    724 |    708 |     16 |      0 |    571 |   2 |  362.0 |
       Dungeon |    724 |    708 |     16 |      0 |    571 |   2 |  362.0 |
               +--------+--------+--------+--------+--------+-----+--------+

Top non-repeatable levels by time:
     D:1: 672 daAuts
     D:2: 52 daAuts
